 Dungeon Crawl Stone Soup version 0.21.0-3-g78d12a8 (webtiles) character file.

3547 Faca the Fighter (level 9, -8/82 HPs)
             Began as a Centaur Berserker on Jan 12, 2018.
             Was a High Priest of Trog.
             Mangled by a hornet (10 damage)
             ... while paralysed by a hornet
             ... on level 8 of the Dungeon.
             The game lasted 00:18:04 (8943 turns).

Faca the Fighter (Centaur Berserker)                Turns: 8943, Time: 00:18:04

Health: -8/82      AC: 10    Str: 20    XL:     9   Next: 83%
Magic:  9/9        EV:  1    Int:  6    God:    Trog [*****.]
Gold:   307        SH:  0    Dex: 12    Spells: 8/8 levels left

rFire    . . .     SeeInvis .   u - +1 trident "Hoczumm" {pierce, rElec}
rCold    . . .     Gourm    .   (no shield)
rNeg     . . .     Faith    .   s - +0 chain mail
rPois    .         Spirit   .   A - +0 helmet
rElec    +         Reflect  .   (no cloak)
rCorr    .         Harm     .   (no gloves)
MR       .....                  (no barding)
Stlth    ..........             (no amulet)
HPRegen  0.23/turn              (no ring)
MPRegen  0.11/turn              (no ring)

@: paralysed, lethally poisoned (-8 -> -11), slowed, very quick
A: large, hooves 3, deformed body, speed 2, tough skin 3
a: Berserk, Trog's Hand, Brothers in Arms, Burn Spellbooks, Renounce Religion


You were on level 8 of the Dungeon.
You worshipped Trog.
Trog was extremely pleased with you.
You were not hungry.

You visited 1 branch of the dungeon, and saw 8 of its levels.
You also visited: Ossuary.

You collected 335 gold pieces.
You spent 28 gold pieces at shops.

Inventory:

Hand Weapons
 u - the +1 trident "Hoczumm" (weapon) {pierce, rElec}
   (You found it on level 4 of the Dungeon)

   It inflicts extra damage upon your enemies.
   It insulates you from electricity.
 w - the +7 lajatang of Order {silver, rMut}
   (You found it on level 5 of the Dungeon)

   It protects you from mutation.
 C - a +0 shortbow of velocity
Missiles
 g - 18 javelins (quivered)
 k - 138 arrows
 r - 4 silver tomahawks
 B - 8 tomahawks
Armour
 n - a +0 plate armour
 s - a +0 chain mail (worn)
 A - a +0 helmet (worn)
Wands
 y - a wand of acid (10)
Scrolls
 d - 3 scrolls of magic mapping
 h - a scroll of teleportation
 j - a scroll of random uselessness {unknown}
 l - a scroll of amnesia {unknown}
 o - 4 scrolls of remove curse
 q - 2 scrolls of enchant weapon
 t - 3 scrolls of fear
 v - 4 scrolls of enchant armour
 z - a scroll of acquirement {unknown}
 D - a scroll of blinking {unknown}
Potions
 a - a potion of haste
 b - 3 potions of might
 e - a potion of flight {unknown}
 f - 4 potions of curing
 m - 5 potions of invisibility
 p - 3 potions of lignification
 x - 2 potions of brilliance {unknown}
Comestibles
 c - 9 rations


   Skills:
 + Level 8.3 Fighting
 + Level 7.6 Polearms
 + Level 5.8 Bows
 + Level 6.0 Armour
 - Level 1.3 Dodging


You had 8 spell levels left.
You didn't know any spells.

Dungeon Overview and Level Annotations

Branches:
Dungeon (8/15)             Temple (0/1) D:4
   Lair: D:8-11

Altars:
Ashenzari
Elyvilon
Makhleb
Nemelex Xobeh
Okawaru
Uskayaw
Vehumet
Zin
The Shining One

Shops:
D:4 *


Innate Abilities, Weirdness & Mutations

You have hooves in place of feet.
Armour fits poorly on your strangely shaped body.
You cover ground very quickly.
You have extremely tough skin. (AC +3)


Message History

You miss the hornet. You kick the hornet, but do no damage.
The hornet is severely wounded.
The hornet barely misses you. The hornet stings you!
* * * LOW HITPOINT WARNING * * *
You feel as though you will be slow longer.
You feel much better. The hornet stings you!
* * * LOW HITPOINT WARNING * * *
You feel as though you will be slow longer.
The hornet closely misses you.
You barely miss the hornet. Your kick misses the hornet.
The hornet is heavily wounded.
The hornet stings you!
* * * LOW HITPOINT WARNING * * *
You are poisoned.
You suddenly lose the ability to move!
The hornet stings you!
* * * LOW HITPOINT WARNING * * *
You feel as though you will be slow longer.
* * * LOW HITPOINT WARNING * * *
You feel sick. The hornet stings you!
You die...

#..## ##..## #...# ##...
##...###....###....# ##..
#....##..##..#.....# #)#
#.##....####.......# ##.#
## ###..# ##......# #.##
#....## ##.....### ##.##
..###...##..####..###....
#.. ##....## #........
#.# #.@.## #..##.... #.#
##..y.# #..###..# ..#
.....#.## ##.## ##.. .#
####..#..# ##..## ..
#..#..####....# .#
##....##...#..## .#
##..#......##...##..#
##..#........##.......
##................####.


You could see a hornet.

Vanquished Creatures
  A centaur skeleton (D:7)
  A hippogriff (D:7)
  An orc warrior (D:8)
  2 sky beasts
  2 ice beasts
  4 ogres
  4 centaurs
  A big kobold (D:8)
  A crocodile (D:8)
  A wyvern zombie (Ossuary)
  A water moccasin zombie (Ossuary)
  3 scorpions
  2 vampire bats (D:5)
  5 crimson imps
  4 bullfrog zombies (Ossuary)
  A quasit (D:8)
  A bullfrog skeleton (D:6)
  The ghost of AllAloneInSpace the Chiller, a weakling FeIE (D:3)
  4 hounds
  4 orc wizards
  A gnoll shaman (D:5)
  An iguana (D:5)
  3 worker ants (D:4)
  A hound zombie (Ossuary)
  11 mummies
  5 worker ant zombies
  13 gnolls
  10 adders
  A shadow imp (D:5)
  An ooze (D:4)
  An adder skeleton (D:7)
  3 adder zombies
  3 worms
  2 dart slugs
  4 leopard geckos
  28 orcs
  13 bats
  8 giant cockroaches
  11 goblins
  10 hobgoblins
  16 jackals
  14 kobolds
  4 quokkas
  3 frilled lizards
  A leopard gecko zombie (D:5)
  2 quokka zombies (Ossuary)
  9 rats
223 creatures vanquished.

Vanquished Creatures (others)
  5 withered plants (Ossuary)
5 creatures vanquished.

Grand Total: 228 creatures vanquished

Notes
Turn   | Place    | Note
-------+----------+-------------------------------------------
     0 | D:1      | Faca the Centaur Berserker began the quest for the Orb.
     0 | D:1      | Reached XP level 1. HP: 19/19 MP: 1/1
   368 | D:1      | Reached XP level 2. HP: 26/26 MP: 2/2
   472 | D:1      | Reached ** piety under Trog
   616 | D:1      | Reached XP level 3. HP: 30/31 MP: 3/3
  1221 | D:2      | Reached XP level 4. HP: 15/40 MP: 4/4
  1629 | D:2      | Reached skill level 4 in Fighting
  2122 | D:3      | Noticed AllAloneInSpace's ghost (weakling FeIE)
  2407 | D:3      | Reached XP level 5. HP: 46/46 MP: 5/5
  2411 | D:3      | Killed AllAloneInSpace's ghost
  2492 | D:3      | Noticed a dagger
  2495 | D:3      | Reached *** piety under Trog
  2496 | D:3      | Found a hide-covered altar of Uskayaw.
  2496 | D:3      | Noticed a dagger
  2615 | D:3      | Found a shattered altar of Ashenzari.
  3060 | D:4      | Reached XP level 6. HP: 46/53 MP: 6/6
  3301 | D:4      | Found an iron altar of Okawaru.
  3326 | D:4      | Found a white marble altar of Elyvilon.
  3367 | D:4      | Found a glowing silver altar of Zin.
  3662 | D:4      | Found Teonocs's Assorted Antiques.
  3670 | D:4      | Bought a scroll labeled ZAEZ XUSOKKO for 28 gold pieces
  3794 | D:4      | Found a staircase to the Ecumenical Temple.
  3983 | D:4      | Got a slimy trident
  3984 | D:4      | Identified the +1 trident "Hoczumm" {pierce, rElec} (You found it on level 4 of the Dungeon)
  4081 | D:5      | Entered Level 5 of the Dungeon
  4092 | D:5      | Reached skill level 5 in Fighting
  4097 | D:5      | Reached **** piety under Trog
  4192 | D:5      | Reached XP level 7. HP: 38/61 MP: 7/7
  4530 | D:5      | Reached skill level 5 in Polearms
  4620 | D:5      | Found a sand-covered staircase.
  4662 | Ossuary  | Entered an ossuary
  4925 | Ossuary  | Reached skill level 6 in Fighting
  4959 | Ossuary  | Reached XP level 8. HP: 24/70 MP: 8/8
  6054 | D:5      | Reached ***** piety under Trog
  6093 | D:5      | Found the +7 lajatang of Order {silver, rMut}
  6200 | D:5      | Reached skill level 1 in Bows
  6289 | D:5      | Reached skill level 7 in Fighting
  6332 | D:5      | Found the +4 Vampire's Tooth {vamp}
  6340 | D:5      | Received a gift from Trog
  6709 | D:6      | Reached skill level 5 in Armour
  6967 | D:6      | Reached XP level 9. HP: 41/79 MP: 9/9
  7529 | D:6      | Found a sparkling altar of Nemelex Xobeh.
  7733 | D:7      | Found a glowing golden altar of the Shining One.
  7779 | D:7      | Found a sparkling altar of Nemelex Xobeh.
  8354 | D:7      | Found a radiant altar of Vehumet.
  8355 | D:7      | Found a burning altar of Makhleb.
  8460 | D:8      | Reached skill level 8 in Fighting
  8556 | D:8      | Reached skill level 5 in Bows
  8935 | D:8      | Paralysed by a hornet for 2 turns
  8940 | D:8      | HP: 2/82 [hornet (8)]
  8942 | D:8      | Paralysed by a hornet for 3 turns
  8943 | D:8      | Mangled by a hornet

Skill      XL: |  1  2  3  4  5  6  7  8  9 |
---------------+----------------------------+-----
Polearms       | 3 4 5 6 7 |  7.6
Armour         | 2 3 4 5 6 |  6.0
Fighting       | 4 5 6 7 8 |  8.3
Bows           | 2 5 |  5.8
Dodging        | |  1.3

Action                   |  1- 3 |  4- 6 |  7- 9 || total
-------------------------+-------+-------+-------++-------
Melee: Spear             |   120 |   196 |       ||   316
       Kick              |    24 |    59 |   118 ||   201
       Trident           |       |    19 |   439 ||   458
Invok: Berserk           |       |     1 |       ||     1
       Burn Spellbooks   |       |     1 |       ||     1
  Use: Scroll            |       |     7 |     8 ||    15
       Potion            |       |       |     2 ||     2
  Eat: Chunk             |       |     5 |     4 ||     9
       Ration            |       |     2 |     2 ||     4
Armor: Animal skin       |    18 |       |       ||    18
       Leather armour    |    11 |       |       ||    11
       Ring mail         |     4 |    48 |       ||    52
       Chain mail        |       |    12 |   181 ||   193
Dodge: Dodged            |    41 |    60 |    95 ||   196
